[Event "Team 45 45 League T44"]
[Site "Internet Chess Club"]
[Date "2010.04.04"]
[Round "9"]
[White "fishhead"]
[Black "QueensCounselor"]
[Result "1/2-1/2"]
[WhiteElo "1868"]
[BlackElo "2074"]
[Opening "Sicilian: dragon variation"]
[ECO "B70"]
[Time "14:00:36"]
[TimeControl "2700+45"]

1. e4 c5 2. d4 cxd4 3. Nf3 d6 4. Nxd4 Nf6 5. Nc3 g6 6. Bc4 Bg7 7. Bb3 O-O 8. Bg5
a6 9. Qd2 b5 10. f3 Bb7 11. h4 Nc6 12. Nxc6 Bxc6 13. Nd5 Nxd5 14. exd5 Bd7 15.
c3 a5 16. a3 b4 17. axb4 axb4 18. Rxa8 Qxa8 19. cxb4 Qa1+ 20. Qc1 Qa7 21. Bd2
Rc8 22. Bc3 Qc7 23. O-O Bxc3 24. bxc3 Qxc3 25. Qxc3 Rxc3 26. Rb1 Bb5 27. Rb2 Rd3
28. Kf2 Rd4 29. Ba2 Rxh4 30. Ke3 Rh1 31. g4 Rc1 32. Rd2 Kg7 33. Rg2 h6 34. Rh2
g5 35. Rb2 Kf6 36. Rh2 Kg6 37. Kd2 Rf1 38. Ke3 Re1+ 39. Kd2 Ra1 40. Bb3 Rf1 41.
Bd1 Bc4 42. Be2 Bxe2 43. Rxe2 Rxf3 44. Rxe7 Rf4 45. Kc3 Rxg4 46. b5 Rg3+ 47. Kc2
Rg2+ 48. Kc3 Rg1 49. Kc2 {Game drawn by mutual agreement} 1/2-1/2

[Event "Team 45 45 League T44"]
[Site "Internet Chess Club"]
[Date "2010.04.03"]
[Round "9"]
[White "upsan"]
[Black "tigereye"]
[Result "0-1"]
[WhiteElo "1854"]
[BlackElo "1823"]
[Opening "Caro-Kann: classical variation"]
[ECO "B18"]
[Time "15:00:23"]
[TimeControl "2700+45"]

1. e4 c6 2. d4 d5 3. Nc3 dxe4 4. Nxe4 Bf5 5. Ng3 Bg6 6. Bc4 e6 7. N1e2 Bd6 8. h4
h6 9. Nf4 Bxf4 10. Bxf4 Nf6 11. Qd2 Nd5 12. O-O-O Nxf4 13. Qxf4 O-O 14. Bd3 Bxd3
15. Rxd3 Qd5 16. c4 Qxc4+ 17. Rc3 Qd5 18. Rd1 Nd7 19. Ne4 e5 20. dxe5 Qxe5 21.
Qf3 Nb6 22. Rc5 Nd5 23. g3 Qe7 24. Rc4 Rfe8 25. Nc3 Nxc3 26. Qxc3 Rad8 27. Rxd8
Rxd8 28. Rd4 Re8 29. Rd2 Qe1+ 30. Kc2 Re2 31. b4 Rxf2 32. Rxf2 Qxf2+ 33. Kb3 Qf5
34. a4 Qd5+ 35. Ka3 b6 36. Qe3 c5 37. Qe8+ Kh7 38. bxc5 Qxc5+ 39. Kb3 Qd5+ 40.
Kb4 a5+ 41. Ka3 Qd6+ 42. Kb2 Qb4+ 43. Kc2 Qc4+ 44. Kb2 Qe6 45. Qd8 Qe5+ 46. Ka2
Qe2+ 47. Ka1 Qe1+ 48. Ka2 Qf2+ 49. Ka1 Qf1+ 50. Ka2 Qc4+ 51. Kb2 Qxa4 52. Qd3+
g6 53. Qf3 Qb4+ 54. Ka1 Qc4 55. g4 a4 56. Qb7 b5 57. h5 gxh5 58. gxh5 a3 {White
resigns} 0-1

[Event "Team 45 45 League T44"]
[Site "Internet Chess Club"]
[Date "2010.04.04"]
[Round "9"]
[White "CREDITorDEBIT"]
[Black "qs16"]
[Result "1-0"]
[WhiteElo "1701"]
[BlackElo "1707"]
[Opening "Sicilian: Najdorf, 7...Be7 main line"]
[ECO "B99"]
[Time "09:00:06"]
[TimeControl "2700+45"]

1. e4 c5 2. Nf3 d6 3. d4 cxd4 4. Nxd4 Nf6 5. Nc3 a6 6. Bg5 e6 7. f4 Be7 8. Qf3
Qc7 9. O-O-O Nbd7 10. Bd3 b5 11. Rhe1 Bb7 12. Qg3 b4 13. Nd5 exd5 14. e5 dxe5
15. fxe5 Ne4 16. Bxe4 Bxg5+ 17. Qxg5 dxe4 18. Nf5 f6 19. Nxg7+ Kf7 20. e6+ Ke7
21. Nf5+ Kxe6 22. Nd4+ Kf7 23. Qh5+ Ke7 24. Nf5+ Kd8 25. Nd6 Rc8 26. Nf7+ Ke7
27. Re2 Rhf8 28. Nd6 Ne5 29. Qxh7+ Nf7 30. Nxb7 Rh8 31. Qxe4+ Kf8 32. Qxb4+ Kg8
33. Nd6 a5 34. Qg4+ Kh7 35. Nxf7 Rhg8 36. Qh5+ Kg7 37. Nd6 Rh8 38. Qg4+ {Black
resigns} 1-0

[Event "Team 45 45 League T44"]
[Site "Internet Chess Club"]
[Date "2010.04.05"]
[Round "9"]
[White "oldsj"]
[Black "badmove"]
[Result "1/2-1/2"]
[WhiteElo "1586"]
[BlackElo "1836"]
[Opening "Ruy Lopez: open, Bernstein variation"]
[ECO "C80"]
[Time "16:00:11"]
[TimeControl "2700+45"]

1. e4 e5 2. Nf3 Nc6 3. Bb5 a6 4. Ba4 Nf6 5. O-O Nxe4 6. d4 b5 7. Bb3 d5 8. dxe5
Be6 9. Nbd2 Bc5 10. Nxe4 dxe4 11. Bxe6 Qxd1 12. Rxd1 fxe6 13. Ng5 O-O 14. Nxe4
Bb6 15. Bg5 Rf5 16. Re1 Bxf2+ 17. Nxf2 Rxg5 18. h4 {Game drawn by mutual
agreement} 1/2-1/2

[Event "Team 45 45 League T44"]
[Site "Internet Chess Club"]
[Date "2010.04.03"]
[Round "9"]
[White "koni"]
[Black "chess92192"]
[Result "0-1"]
[WhiteElo "1966"]
[BlackElo "2027"]
[Opening "QGD Slav: 3.Nf3"]
[ECO "D11"]
[Time "11:01:05"]
[TimeControl "2700+45"]

1. Nf3 d5 2. d4 c6 3. c4 e6 4. cxd5 exd5 5. Nc3 Bd6 6. Bg5 Ne7 7. e3 Bg4 8. Bd3
Nd7 9. Qc2 h6 10. Bh4 Qc7 11. Bxe7 Kxe7 12. h3 Be6 13. O-O-O Rae8 14. Kb1 Kd8
15. Rhe1 Nf6 16. e4 Nxe4 17. Nxe4 dxe4 18. Bxe4 Kc8 19. d5 cxd5 20. Qxc7+ Kxc7
21. Bxd5 Bxd5 22. Rxe8 Bxa2+ 23. Kxa2 Rxe8 24. Rd2 Re4 25. Nd4 a6 26. f3 Re8 27.
Rc2+ Kd7 28. Rd2 g6 29. Ne2 b5 30. Nc3 Kc6 31. Ne4 Be5 32. Rc2+ Kb6 33. b3 a5
34. Rd2 f5 35. Nf2 Bf4 36. Rc2 Rd8 37. Re2 Rd2+ 38. Rxd2 Bxd2 39. Nd3 g5 40. Kb2
Bf4 41. h4 Kc6 42. g4 fxg4 43. fxg4 Kd5 44. Kc2 Bd6 45. hxg5 hxg5 46. Nf2 Bg3
47. Nh3 Bh4 48. Kd3 Ke5 49. Ke3 Bg3 50. Kd3 Bf4 51. Ng1 Kd5 52. Nf3 Kc5 53. Nd4
Kb4 54. Kc2 a4 55. bxa4 Kxa4 56. Ne6 b4 57. Nxf4 b3+ 58. Kb2 gxf4 59. g5 f3 60.
g6 f2 61. g7 f1=Q 62. g8=Q Qe2+ 63. Kc3 Qe3+ 64. Kc4 Qc1+ 65. Kd4 Qd2+ 66. Kc4
Qb4+ 67. Kd3 Ka3 68. Qa8+ Qa4 69. Qf8+ Ka2 70. Qg8 Qa6+ 71. Kc3 Qc6+ 72. Kd3
Qc2+ 73. Kd4 Qd2+ 74. Ke4 Qc3 75. Qf7 Kb1 76. Qf1+ Qc1 77. Qf7 b2 78. Qf8 Qc3
79. Qf1+ Ka2 80. Qa6+ Kb3 81. Qf1 Qc4+ {White resigns} 0-1

[Event "Team 45 45 League T44"]
[Site "Internet Chess Club"]
[Date "2010.04.03"]
[Round "9"]
[White "hewdondada"]
[Black "IceBox"]
[Result "1-0"]
[WhiteElo "1852"]
[BlackElo "1703"]
[Opening "Trompowsky attack (Ruth, Opocenský opening)"]
[ECO "A45"]
[Time "10:11:14"]
[TimeControl "2700+45"]

1. d4 Nf6 2. Bg5 e6 3. e4 c5 4. c3 Be7 5. Bxf6 gxf6 6. Nf3 d5 7. Bb5+ Nc6 8.
Nbd2 Qb6 9. Bxc6+ bxc6 10. Rb1 Ba6 11. b3 Bd3 12. exd5 Bxb1 13. Qxb1 cxd5 14.
O-O h5 15. Qd3 O-O-O 16. Rb1 h4 17. h3 Rdg8 18. c4 cxd4 19. cxd5 e5 20. Rc1+ Kb8
21. Rc6 Qb7 22. Nc4 Rc8 23. Na5 Qd7 24. Qb5+ Ka8 25. Qa6 Rxc6 26. Nxc6 Bc5 27.
b4 Bb6 28. a4 Qxd5 29. b5 d3 30. a5 Bc5 31. b6 Bxb6 32. axb6 Qd7 33. Nxa7 Qb7
34. Qa5 Kb8 35. Nxe5 Rc8 36. Nxd3 Rg8 37. Nf4 Rg5 38. Qb4 Rg8 39. Qd6+ Ka8 40.
Nd5 Qb8 41. Qc6+ Qb7 42. Qd6 Qb8 43. Nc7+ Kb7 44. Qc6# {Black checkmated} 1-0

[Event "Team 45 45 League T44"]
[Site "Internet Chess Club"]
[Date "2010.04.01"]
[Round "9"]
[White "toukon"]
[Black "jofar"]
[Result "0-1"]
[WhiteElo "1497"]
[BlackElo "1879"]
[Opening "Sicilian: Najdorf, Byrne (English) attack"]
[ECO "B90"]
[Time "08:03:45"]
[TimeControl "2700+45"]

1. e4 c5 2. Nf3 d6 3. d4 cxd4 4. Nxd4 Nf6 5. Nc3 a6 6. Be3 e5 7. Nb3 Be6 8. f3
Be7 9. Qd2 O-O 10. O-O-O Nbd7 11. g4 b5 12. g5 b4 13. gxf6 bxc3 14. Qxc3 Nxf6
15. Kb1 Rc8 16. Qd2 Qc7 17. h4 a5 18. Rg1 a4 19. Nc1 g6 20. h5 Nxh5 21. Bd3 d5
22. Qh2 Nf6 23. Qh6 dxe4 24. fxe4 a3 25. Bg5 axb2 26. Nb3 Ng4 27. Qh4 Bxg5 28.
Qxg5 Nf2 29. Qg2 Nxd1 30. Rxd1 Qa7 31. Kxb2 Ra8 32. Ra1 Bxb3 33. Kxb3 Qa3+ 34.
Kc4 Rfc8+ {White resigns} 0-1

[Event "Team 45 45 League T44"]
[Site "Internet Chess Club"]
[Date "2010.04.03"]
[Round "9"]
[White "theophilus"]
[Black "Majamutu"]
[Result "1/2-1/2"]
[WhiteElo "2161"]
[BlackElo "2047"]
[Opening "Benkö gambit: Zaitsev system"]
[ECO "A57"]
[Time "13:02:12"]
[TimeControl "2700+45"]

1. d4 Nf6 2. c4 c5 3. d5 b5 4. cxb5 a6 5. Nc3 axb5 6. e4 b4 7. Nb5 d6 8. Bf4 g5
9. Bxg5 Nxe4 10. Bf4 Nf6 11. Bc4 Bg7 12. Qe2 O-O 13. Nf3 Nbd7 14. O-O Nb6 {Game
drawn by mutual agreement} 1/2-1/2

[Event "Team 45 45 League T44"]
[Site "Internet Chess Club"]
[Date "2010.04.02"]
[Round "9"]
[White "CaoCao"]
[Black "BadHabitMarco"]
[Result "1-0"]
[WhiteElo "1978"]
[BlackElo "1876"]
[Opening "Sicilian: Najdorf, Byrne (English) attack"]
[ECO "B90"]
[Time "10:30:11"]
[TimeControl "2700+45"]

1. e4 c5 2. Nf3 d6 3. d4 cxd4 4. Nxd4 Nf6 5. Nc3 a6 6. Be3 e5 7. Nb3 Be6 8. f3
Nbd7 9. Qd2 b5 10. O-O-O Nb6 11. Bxb6 Qxb6 12. Kb1 Be7 13. g4 Rc8 14. Nd5 Bxd5
15. exd5 O-O 16. h4 e4 17. Re1 Rc7 18. fxe4 Nxg4 19. Bd3 Ne5 20. Ref1 Rfc8 21.
Rhg1 Nf3 22. Rxg7+ Kxg7 23. Rxf3 Qg1+ 24. Rf1 Qg4 25. Nd4 Bf6 26. Nf5+ Kh8 27.
Nxd6 Qxh4 28. Nxc8 Rxc8 29. e5 Bxe5 30. Rxf7 Qh1+ 31. Rf1 Qxd5 32. Qh6 Qd7 33.
Rf8+ {Black resigns} 1-0

[Event "Team 45 45 League T44"]
[Site "Internet Chess Club"]
[Date "2010.04.06"]
[Round "9"]
[White "koni"]
[Black "primerpaso"]
[Result "0-1"]
[WhiteElo "1947"]
[BlackElo "1919"]
[Opening "QGD: Lasker defense"]
[ECO "D56"]
[Time "15:02:40"]
[TimeControl "2700+45"]

1. Nf3 Nf6 2. c4 e6 3. Nc3 d5 4. d4 Be7 5. Bg5 h6 6. Bh4 O-O 7. e3 Ne4 8. Bxe7
Qxe7 9. Rc1 c6 10. Bd3 Nxc3 11. Rxc3 dxc4 12. Bxc4 Nd7 13. O-O c5 14. Bb5 cxd4
15. Qxd4 Nf6 16. Rd1 a6 17. Ba4 b5 18. Bb3 Bb7 19. Qd6 Qxd6 20. Rxd6 Ne4 21. Rd7
Nxc3 22. Rxb7 Ne2+ 23. Kf1 Nc1 24. Nd2 Rfd8 25. Ke1 Nd3+ 26. Ke2 Nxb2 27. Rc7
Rac8 28. Ra7 Nc4 29. Bxc4 bxc4 30. Rxa6 c3 31. Nb3 c2 {White resigns} 0-1

[Event "Team 45 45 League T44"]
[Site "Internet Chess Club"]
[Date "2010.04.06"]
[Round "9"]
[White "frank001"]
[Black "poni"]
[Result "1-0"]
[WhiteElo "1868"]
[BlackElo "1941"]
[Opening "Pirc defense"]
[ECO "B07"]
[Time "02:04:52"]
[TimeControl "2700+45"]

1. e4 d6 2. d4 Nf6 3. Nc3 e5 4. f3 Be7 5. Be3 Nh5 6. g3 Bg5 7. Qd2 Bxe3 8. Qxe3
exd4 9. Qxd4 Nc6 10. Qd2 Bd7 11. O-O-O O-O 12. Kb1 Be6 13. g4 Nf6 14. h4 Ne5 15.
g5 Nh5 16. b3 Ng3 17. Rh2 Nxf1 18. Rxf1 c5 19. f4 Nc6 20. f5 Bc8 21. Nd5 b5 22.
Nf3 a5 23. h5 a4 24. f6 axb3 25. cxb3 Be6 26. fxg7 Kxg7 27. Qb2+ f6 28. gxf6+
Rxf6 29. h6+ Kf7 30. Ng5+ {Black resigns} 1-0

[Event "Team 45 45 League T44"]
[Site "Internet Chess Club"]
[Date "2010.04.03"]
[Round "9"]
[White "imgr8"]
[Black "Phosphorus"]
[Result "1-0"]
[WhiteElo "2053"]
[BlackElo "1991"]
[Opening "Polish (Sokolsky) opening"]
[ECO "A00"]
[Time "09:18:48"]
[TimeControl "2700+45"]

1. b4 d5 2. Bb2 Nf6 3. e3 Bf5 4. Nf3 e6 5. b5 Nbd7 6. Be2 c5 7. c4 dxc4 8. Bxc4
Nb6 9. Be2 Bd6 10. a4 O-O 11. O-O Rc8 12. d3 Bb8 13. Nh4 Ng4 14. Nxf5 Bxh2+ 15.
Kh1 exf5 16. Bxg4 Qh4 17. Bh3 Bb8 18. Qf3 {Black resigns} 1-0

[Event "Team 45 45 League T44"]
[Site "Internet Chess Club"]
[Date "2010.04.01"]
[Round "9"]
[White "Matusalen"]
[Black "jefferyx"]
[Result "1/2-1/2"]
[WhiteElo "2010"]
[BlackElo "2158"]
[Opening "QGD: Tarrasch, Prague variation, 9.Bg5"]
[ECO "D34"]
[Time "19:04:21"]
[TimeControl "2700+45"]

1. Nf3 Nf6 2. c4 c5 3. Nc3 Nc6 4. g3 e6 5. Bg2 d5 6. cxd5 exd5 7. d4 Be7 8. O-O
O-O 9. Bg5 cxd4 10. Nxd4 h6 11. Be3 Re8 12. Rc1 Bf8 13. Nxc6 bxc6 14. Na4 Ng4
15. Bc5 Bxc5 16. Nxc5 Qf6 17. e4 Qxb2 18. exd5 cxd5 19. Bxd5 Rb8 20. Nd7 Rb5 21.
Bxf7+ Kxf7 22. Qxg4 Kg8 {Game drawn by mutual agreement} 1/2-1/2

[Event "Team 45 45 League T44"]
[Site "Internet Chess Club"]
[Date "2010.04.01"]
[Round "9"]
[White "whale5970"]
[Black "Chatica"]
[Result "0-1"]
[WhiteElo "1696"]
[BlackElo "1981"]
[Opening "English opening"]
[ECO "A10"]
[Time "11:01:03"]
[TimeControl "2700+45"]

1. c4 g6 2. Nc3 Bg7 3. Qc2 Nf6 4. b4 d6 5. Bb2 O-O 6. e3 e5 7. g3 a5 8. b5 Nbd7
9. Bg2 Nc5 10. Nge2 Nh5 11. O-O f5 12. d3 f4 13. exf4 exf4 14. f3 Qe8 15. Qd2 c6
16. bxc6 bxc6 17. Ne4 Bxb2 18. Qxb2 Nxd3 19. Qd4 Ne5 20. Nxd6 Qe6 21. Nxc8 Raxc8
22. Qe4 Rce8 23. g4 Qxc4 24. Qxc4+ Nxc4 25. Nd4 Nf6 26. Nxc6 Nd5 27. Rfc1 Nde3
28. Bf1 Nd2 29. Nd4 Nexf1 30. Rxf1 Nxf1 31. Kxf1 Re3 32. Kf2 Rd8 33. Rd1 Ra3 34.
Ke1 Rxa2 35. Ne6 Re8 36. Rd8 Rxd8 37. Nxd8 Rxh2 38. Ne6 a4 {White resigns} 0-1

[Event "Team 45 45 League T44"]
[Site "Internet Chess Club"]
[Date "2010.04.05"]
[Round "9"]
[White "MisticKnights"]
[Black "Walker42"]
[Result "0-1"]
[WhiteElo "1868"]
[BlackElo "1808"]
[Opening "English: four knights, kingside fianchetto"]
[ECO "A29"]
[Time "19:13:20"]
[TimeControl "2700+45"]

1. c4 e5 2. Nc3 Nf6 3. Nf3 Nc6 4. g3 Bb4 5. Bg2 O-O 6. O-O Bxc3 7. bxc3 e4 8.
Ng5 Re8 9. Qc2 d5 10. cxd5 Qxd5 11. d3 Qc5 12. Nxe4 Nxe4 13. Bxe4 Bg4 14. Re1
Nd4 15. Qa4 Nxe2+ 16. Kg2 Qh5 17. h4 Nxc3 18. Qb4 Nxe4 19. dxe4 Bf3+ 20. Kh2 b6
21. Bb2 c5 22. Qc3 f6 23. Re3 Bxe4 24. a4 Bc6 25. Rc1 Qd5 26. Qc4 Qxc4 27. Rxc4
Rxe3 28. fxe3 Re8 29. Bc1 Kf7 30. a5 Ke6 31. axb6 axb6 32. Rc3 Rd8 33. g4 Rd1
34. Kg3 Kd6 35. Ba3 Rg1+ 36. Kf4 Rf1+ 37. Kg3 Rf3+ 38. Kh2 Be4 39. Rb3 Kc6 40.
Rc3 g6 41. Bc1 h5 42. gxh5 gxh5 43. Ba3 Bf5 44. Kg2 Bg4 45. Bb2 f5 46. Ra3 Rh3
47. Bc1 Rxh4 48. e4 fxe4 49. Bg5 Bf3+ 50. Kf2 Rg4 51. Bd8 b5 52. Ra6+ Kd5 53.
Be7 Rg7 54. Rd6+ Kc4 55. Bf8 Rf7 56. Bh6 b4 57. Be3 Bg4+ 58. Ke1 Rf3 59. Bg5 Rd3
60. Rc6 e3 61. Bxe3 Rxe3+ 62. Kd2 Re2+ 63. Kc1 b3 64. Rb6 b2+ 65. Kb1 Bf5+ 66.
Ka2 b1=Q+ 67. Ka3 Ra2# {White checkmated} 0-1

[Event "Team 45 45 League T44"]
[Site "Internet Chess Club"]
[Date "2010.04.05"]
[Round "9"]
[White "wbanks"]
[Black "fishhead"]
[Result "0-1"]
[WhiteElo "1665"]
[BlackElo "1866"]
[Opening "Alekhine's defense"]
[ECO "B03"]
[Time "18:00:11"]
[TimeControl "2700+45"]

1. e4 Nf6 2. e5 Nd5 3. d4 d6 4. c4 Nb6 5. Nf3 g6 6. Be2 Bg7 7. O-O O-O 8. b3
dxe5 9. dxe5 Nc6 10. Bb2 Nd7 11. Qc1 Ndxe5 12. Nxe5 Nxe5 13. Rd1 Nd7 14. Bxg7
Kxg7 15. c5 c6 16. Qc3+ f6 17. Nd2 Qc7 18. Nf3 e5 19. Nd2 Re8 20. Ne4 Nf8 21.
Bc4 Be6 22. Nd6 Re7 23. Rd3 b5 24. Bxe6 Nxe6 25. Rg3 Nd4 26. Re1 a5 27. Rh3 Ne6
28. Qe3 Nf4 29. Rg3 Kh8 30. Rg4 Rd7 31. Rd1 Rad8 32. a3 Ne6 33. b4 Nd4 34. Rgxd4
exd4 35. Qxd4 Rf8 36. Qe3 Re7 37. Qf3 Re5 38. h3 a4 39. Qc3 Kg7 40. f4 Re7 41.
Qg3 f5 42. Qc3+ Kg8 43. Kh1 h5 44. Qg3 Kh7 45. Kh2 Rf6 46. Qg5 Rfe6 47. Rd3 Qd8
48. Qg3 Qf8 49. Qf3 Rc7 50. Qg3 Qe7 51. Qf3 h4 52. Qf2 Re2 53. Qf3 Kg8 54. Qf1
Qe6 55. Qf3 Qa2 56. Rd1 Rf2 57. Ra1 Qb2 58. Rb1 Rxf3 59. Rxb2 Rxa3 60. Re2 Rb3
61. Re8+ Kh7 62. Ra8 Rxb4 63. Ne8 Re7 64. Nf6+ Kg7 65. Ne8+ Kf7 66. Nd6+ Ke6 67.
Ra6 Kd5 68. Nc8 Re1 69. Na7 Rbb1 70. Rxc6 Rh1# {White checkmated} 0-1

[Event "Team 45 45 League T44"]
[Site "Internet Chess Club"]
[Date "2010.04.03"]
[Round "9"]
[White "isolani"]
[Black "dinkola"]
[Result "0-1"]
[WhiteElo "1534"]
[BlackElo "1738"]
[Opening "King's Indian: Kramer system"]
[ECO "E70"]
[Time "10:00:36"]
[TimeControl "2700+45"]

1. d4 Nf6 2. c4 g6 3. Nc3 Bg7 4. e4 d6 5. Nge2 O-O 6. Ng3 c5 7. d5 e6 8. Bg5 h6
9. Be3 exd5 10. cxd5 Ng4 11. Be2 Nxe3 12. fxe3 Nd7 13. O-O Ne5 14. Rc1 a6 15. a4
Qg5 16. Qd2 Bg4 17. Bxg4 Nxg4 18. Rf3 Rae8 19. Nf1 Bxc3 20. Rxc3 Rxe4 21. Rg3
Qe7 22. Qd3 f5 23. h3 Ne5 24. Qc2 Kh7 25. Nd2 Rb4 26. Nf3 Qf6 27. Rb3 a5 28.
Rxb4 axb4 29. Nxe5 Qxe5 30. Rf3 Qxd5 31. b3 Re8 32. Kf2 Qe4 33. Qxe4 Rxe4 34. g4
fxg4 35. Rf7+ Kg8 36. Rxb7 gxh3 37. Rd7 h2 {White resigns} 0-1

[Event "Team 45 45 League T44"]
[Site "Internet Chess Club"]
[Date "2010.04.05"]
[Round "9"]
[White "slipkid"]
[Black "joshtournman"]
[Result "0-1"]
[WhiteElo "1556"]
[BlackElo "1524"]
[Opening "Philidor: exchange variation"]
[ECO "C41"]
[Time "15:00:05"]
[TimeControl "2700+45"]

1. e4 e5 2. Nf3 d6 3. d4 exd4 4. Nxd4 c5 5. Nf3 Nc6 6. Nc3 Be6 7. Ng5 Nf6 8.
Nxe6 fxe6 9. Bc4 Qd7 10. a3 O-O-O 11. O-O d5 12. exd5 exd5 13. Be2 Kb8 14. Bg5
Be7 15. Re1 d4 16. Na4 Ne5 17. Bxf6 Bxf6 18. Nxc5 Qd5 19. b4 Nc6 20. Bf3 Qc4 21.
Qd3 Qxd3 22. cxd3 Ne5 23. Be4 b6 24. Ne6 Rd6 25. Nf4 g6 26. Rac1 Bg5 27. g3 Rf8
28. Rc2 Bxf4 29. gxf4 Rxf4 30. Rec1 Rd8 31. Rc7 Rf7 32. Rxf7 Nxf7 33. Kg2 Nd6
34. Bf3 Nb5 35. a4 Nc3 36. Ra1 Nd5 37. Bxd5 Rxd5 38. Rc1 a5 39. Rc6 Kb7 40. b5
Re5 41. Rd6 Rg5+ 42. Kf3 Rf5+ 43. Kg3 Rg5+ 44. Kf3 Rh5 45. Kg3 Rg5+ 46. Kf3 Rg1
47. Rxd4 Ra1 48. Rc4 Ra3 49. Ke4 Ra1 50. d4 Rh1 51. d5 Rxh2 52. f3 h5 53. d6 Rd2
54. Rc7+ Kb8 55. Ke5 h4 56. Rh7 g5 57. Ke6 Re2+ 58. Kf6 Rd2 59. d7 Kc7 60. Kxg5
Rd4 61. Rxh4 Rxd7 62. Re4 Rd5+ 63. Kg4 Kd6 64. f4 Rd1 65. f5 Kd5 66. Rf4 Ke5 67.
f6 Rg1+ 68. Kf3 Rf1+ {White resigns} 0-1

[Event "Team 45 45 League T44"]
[Site "Internet Chess Club"]
[Date "2010.04.03"]
[Round "9"]
[White "arconia"]
[Black "houseofcook"]
[Result "0-1"]
[WhiteElo "1382"]
[BlackElo "1464"]
[Opening "French defense"]
[ECO "C00"]
[Time "09:00:07"]
[TimeControl "2700+45"]

1. e4 e6 2. Nf3 d5 3. e5 c5 4. Be2 Nc6 5. c3 Nh6 6. d4 Nf5 7. b4 cxd4 8. cxd4
Bxb4+ 9. Bd2 Bxd2+ 10. Qxd2 Qb6 11. Nc3 Nfxd4 12. Rb1 Nxf3+ 13. Bxf3 Qc7 14. O-O
Nxe5 15. Be2 O-O 16. Nd1 Nc4 17. Bxc4 Qxc4 18. f4 Qc5+ 19. Kh1 f6 20. Rc1 Qb5
21. Ne3 Bd7 22. f5 Rac8 23. Rce1 Rfe8 24. Rb1 Qc6 25. h4 b6 26. h5 h6 27. Qf2 e5
28. Ng4 d4 29. Qg3 Kf7 30. Nxh6+ gxh6 31. Qg6+ Ke7 32. Qxh6 Rg8 33. Rb2 Rcf8 34.
Qh7+ Ke8 35. Qh6 Rh8 36. Qg6+ Kd8 37. h6 Be8 38. Qg3 Rxh6+ 39. Kg1 Qc3 40. Qg7
Qe3+ 41. Rff2 Rfh8 42. g3 Rh1+ 43. Kg2 R8h2# {White checkmated} 0-1

[Event "Team 45 45 League T44"]
[Site "Internet Chess Club"]
[Date "2010.04.03"]
[Round "9"]
[White "pawnward"]
[Black "siddhu"]
[Result "1-0"]
[WhiteElo "1656"]
[BlackElo "1834"]
[Opening "Four knights: Scotch, 4...exd4"]
[ECO "C47"]
[Time "14:00:50"]
[TimeControl "2700+45"]

1. e4 e5 2. Nf3 Nf6 3. Nc3 Nc6 4. d4 exd4 5. Nxd4 Bb4 6. Nxc6 bxc6 7. Bd3 d5 8.
O-O Bxc3 9. bxc3 dxe4 10. Re1 O-O 11. Bc4 Qxd1 12. Rxd1 Bg4 13. Re1 Bf5 14. Be3
Nd5 15. Bc5 Rfd8 16. Bd4 Rab8 17. Bxa7 Rb2 18. Bb3 Nxc3 19. Bc5 Rd2 20. Bb4
Rdxc2 21. Bxc2 Rxc2 22. Bxc3 Rxc3 23. a4 Rb3 24. Reb1 Rb6 25. a5 {Black resigns}
1-0

[Event "Team 45 45 League T44"]
[Site "Internet Chess Club"]
[Date "2010.04.04"]
[Round "9"]
[White "Manders"]
[Black "allanchs"]
[Result "1/2-1/2"]
[WhiteElo "1609"]
[BlackElo "1544"]
[Opening "Réti: King's Indian attack (Barcza system)"]
[ECO "A07"]
[Time "12:00:03"]
[TimeControl "2700+45"]

1. Nf3 d5 2. g3 Nf6 3. Bg2 c5 4. d4 e6 5. O-O Nc6 6. c3 Be7 7. Nbd2 O-O 8. Re1
b6 9. Qc2 Bb7 10. Nf1 Rc8 11. e3 Qc7 12. h4 e5 13. dxe5 Nxe5 14. N1h2 Rfe8 15.
Nxe5 Qxe5 16. c4 Qc7 17. b3 dxc4 18. Qxc4 Bxg2 19. Kxg2 Rcd8 20. Bb2 Qc6+ 21.
Nf3 Ne4 22. Rad1 Nd2 23. Qe2 Nxf3 24. Qxf3 Qxf3+ 25. Kxf3 {Game drawn by mutual
agreement} 1/2-1/2

[Event "Team 45 45 League T44"]
[Site "Internet Chess Club"]
[Date "2010.04.01"]
[Round "9"]
[White "zeigmata"]
[Black "frothyjowels"]
[Result "1/2-1/2"]
[WhiteElo "2390"]
[BlackElo "2397"]
[Opening "English: Queens Indian formation"]
[ECO "A13"]
[Time "14:00:15"]
[TimeControl "2700+45"]

1. Nf3 e6 2. c4 Nf6 3. Nc3 b6 4. g3 Bb7 5. Bg2 Bb4 6. O-O O-O 7. Qc2 d6 8. a3
Bxc3 9. Qxc3 Nbd7 10. b4 a5 11. Bb2 Re8 12. d3 Qe7 13. Nd4 Bxg2 14. Kxg2 Nb8 15.
b5 e5 16. Nf5 Qe6 17. e4 Nbd7 18. Rae1 Nc5 19. Qc2 Rac8 20. f4 Nfd7 21. Ne3 f6
22. f5 Qf7 23. a4 Qh5 24. h4 Kh8 25. Rf3 c6 26. g4 Qf7 27. bxc6 Nb8 28. Nd5 Nxc6
29. Bc3 Rb8 30. Rb1 Rg8 31. h5 Nd7 32. Rb2 h6 33. Qb1 Rb7 34. Qc2 Rgb8 35. Rf1
Ne7 36. Ne3 Nc5 37. Rfb1 Qe8 38. Rb5 Qc6 39. Be1 Na6 40. R5b2 Nc5 41. Rb5 Na6
42. R5b2 Nc5 43. Rb5 {Game drawn by repetition} 1/2-1/2

[Event "Team 45 45 League T44"]
[Site "Internet Chess Club"]
[Date "2010.04.03"]
[Round "9"]
[White "eurander"]
[Black "pentti63"]
[Result "1-0"]
[WhiteElo "2233"]
[BlackElo "2199"]
[Opening "Caro-Kann: anti-anti-Caro-Kann defense"]
[ECO "B10"]
[Time "04:04:42"]
[TimeControl "2700+45"]

1. e4 c6 2. c4 d5 3. exd5 cxd5 4. cxd5 Nf6 5. Qa4+ Nbd7 6. Nc3 g6 7. Nf3 Bg7 8.
Bc4 O-O 9. d3 Ne8 10. Qa3 Nd6 11. O-O Nb6 12. Bb3 Bg4 13. Nd2 Qc7 14. Nde4 Be5
15. f4 Bd4+ 16. Kh1 Bd7 17. Nxd6 exd6 18. Ne4 Nc8 19. Bd2 a5 20. Rac1 Qb6 21.
Bc3 Bf5 22. Bc4 a4 23. Bxd4 Qxd4 24. Qc3 Qg7 25. g4 Bxe4+ 26. dxe4 Nb6 27. Qxg7+
Kxg7 28. Bd3 Rac8 29. g5 f6 30. gxf6+ Kxf6 31. Kg2 Nd7 32. Rfe1 g5 33. Bb5 Nc5
34. e5+ Ke7 35. fxg5 Rf5 36. h4 Rf4 37. Kg3 Rb4 38. exd6+ Kxd6 39. Be8 Rxb2 40.
Bxa4 Rxa2 41. Bc2 Rc7 42. h5 b5 43. h6 b4 44. Rh1 b3 45. Bxh7 Rxh7 46. g6 b2 47.
Rb1 Ra3+ 48. Kg4 Re7 49. h7 Re4+ 50. Kg5 Rg3+ 51. Kh6 Re8 52. g7 {Black resigns}
1-0

[Event "Team 45 45 League T44"]
[Site "Internet Chess Club"]
[Date "2010.04.06"]
[Round "9"]
[White "NFork"]
[Black "Freitac"]
[Result "1-0"]
[WhiteElo "2426"]
[BlackElo "2010"]
[Opening "Petrov: Kaufmann attack"]
[ECO "C42"]
[Time "17:20:28"]
[TimeControl "2700+45"]

1. e4 e5 2. Nf3 Nf6 3. Nxe5 d6 4. Nf3 Nxe4 5. c4 Be7 6. Nc3 Nxc3 7. dxc3 Nc6 8.
Bf4 Bg4 9. h3 Bh5 10. Bd3 Ne5 11. Bxe5 Bxf3 12. Qxf3 dxe5 13. Qxb7 O-O 14. Qe4
f5 15. Qd5+ Qxd5 16. cxd5 e4 17. Bc2 Rfd8 18. g4 g6 19. O-O-O Kg7 20. gxf5 gxf5
21. Kb1 Kf6 22. Rhe1 Bc5 23. f3 exf3 24. b4 Bf2 25. Rf1 Be3 26. Rxf3 f4 27. Bxh7
Ke5 28. Kc2 Rxd5 29. Rxd5+ Kxd5 30. Kd3 Ke5 31. Kc4 Rd8 32. Bd3 Rg8 33. a4 Rg3
34. Rxg3 fxg3 35. Bf1 Bf2 36. Bg2 Kd6 37. h4 Be1 38. Kd4 Bf2+ 39. Ke4 Be1 40.
Kd3 Ke5 41. b5 Kf5 42. a5 Bf2 43. c4 Be1 44. a6 Bf2 45. Kc3 Ke5 46. h5 Be3 47.
Kd3 Bh6 48. c5 Bf8 49. b6 cxb6 50. cxb6 Bc5 51. b7 Bd6 52. Kc4 Ke6 53. h6 Kf7
54. Kd5 Bb8 55. Kc6 Kg6 56. Kd7 Kxh6 57. Kc8 {Black resigns} 1-0